 Dungeon Crawl Stone Soup version 0.20-b1-24-gb21faa7 (webtiles) character file.

77 Narcomancer the Conjurer (level 4, -2/24 HPs)
             Began as a Deep Elf Conjurer on May 25, 2017.
             Slain by a gnoll
             ... wielding a +0 spear
              (8 damage)
             ... on level 2 of the Dungeon.
             The game lasted 00:13:06 (1686 turns).

Narcomancer the Conjurer (Deep Elf Conjurer)        Turns: 1686, Time: 00:13:07

Health: -2/24      AC:  2    Str:  5    XL:     4   Next: 14%
Magic:  0/13       EV:  7    Int: 21    God:
Gold:   98         SH:  0    Dex: 15    Spells: 10/13 levels left

rFire    x . .     SeeInvis .   e - -1 dagger (curse)
rCold    + . .     Gourm    .   (no shield)
rNeg     . . .     Faith    .   a - +0 robe
rPois    .         Spirit   .   (no helmet)
rElec    .         Reflect  .   (no cloak)
rCorr    .         Harm     .   (no gloves)
MR       .....                  (no boots)
Stlth    ++........             (no amulet)
Regen    0.1/turn               d - ring of ice
MPRegen  0.2/turn               (no ring)

@: held
A: no striking features
a: no special abilities


You were on level 2 of the Dungeon.
You were not hungry.

You visited 1 branch of the dungeon, and saw 2 of its levels.

You collected 98 gold pieces.

Inventory:

Hand Weapons
 e - a cursed -1 dagger (weapon)
Armour
 a - a +0 robe (worn)
Jewellery
 d - a ring of ice (left hand)
Scrolls
 g - a scroll of fog {unknown}
 h - 3 scrolls of remove curse {unknown}
 i - a scroll of enchant armour {unknown}
 l - a scroll of blinking {unknown}
 m - 2 scrolls of amnesia {unknown}
 n - a scroll of recharging {unknown}
 p - a scroll of magic mapping {unknown}
Potions
 f - a potion of berserk rage {unknown}
 j - a potion of curing {unknown}
 q - a potion of might {unknown}
Books
 b - a book of Conjurations

   Spells                             Type                      Level
   a - Magic Dart                     Conjuration                  1
   b - Searing Ray                    Conjuration                  2
   c - Dazzling Spray                 Conjuration/Hexes            3
   d - Fulminant Prism                Conjuration/Hexes            4
   e - Force Lance                    Conjuration/Translocation    4
   f - Iskenderun's Mystic Blast      Conjuration                  4
Comestibles
 c - a bread ration
 k - 2 fruits
 o - a chunk of flesh


   Skills:
 - Level 2.4 Dodging
 - Level 2.4 Stealth
 - Level 5.0 Spellcasting
 + Level 5.2 Conjurations


You had 10 spell levels left.
You knew the following spells:

 Your Spells              Type           Power        Failure   Level  Hunger
r - Searing Ray           Conj           ####..       1%          2    None
z - Magic Dart            Conj           ####         1%          1    None


Dungeon Overview and Level Annotations

Branches:
Dungeon (2/15)

Altars:


Message History

Press: ? - help, Shift-Dir - straight line, f/p - gnoll
Aim: a gnoll, wielding a halberd (moderately wounded)
The magic dart hits the gnoll.
The gnoll is heavily wounded.
The gnoll hits you from afar with a halberd!!
Ouch! That really hurt!
* * * LOW HITPOINT WARNING * * *
Casting: Magic Dart
Confirm with . or Enter, or press ? or * to list all spells.
Aiming: Searing Ray
Press: ? - help, Shift-Dir - straight line, f - dart slug, p - gnoll
Aim: a dart slug The searing ray hits the gnoll.
The gnoll is almost dead. (Press . to maintain the ray.)
The searing ray hits the gnoll.
You kill the gnoll!
The searing ray misses the gnoll.
The gnoll hits you from afar with a spear!
You die...

#.............#
#...........†.# .....
#............#####.....
#.........##...........
#......<[.##.......).#
#####+###..'......w..#
##+###.##.....g...#
.....#'##.........#
.........#...@g....#
.........#...........
####+#....#....$....##
...........########
##.........#
+.............
#.............#
#.............#
#.........#####


You could see 2 gnolls and a dart slug.

Vanquished Creatures
  2 gnolls (D:2)
  An ooze (D:1)
  A worm (D:2)
  A dart slug (D:1)
  A leopard gecko (D:1)
  3 giant cockroaches (D:1)
  11 goblins
  8 hobgoblins
  2 jackals (D:2)
  2 bats
  A frilled lizard (D:2)
  8 kobolds
  3 rats
44 creatures vanquished.

Vanquished Creatures (others)
  A goblin (D:2)
  A bat (D:2)
2 creatures vanquished.

Grand Total: 46 creatures vanquished

Notes
Turn   | Place    | Note
-------+----------+-------------------------------------------
     0 | D:1      | Narcomancer the Deep Elf Conjurer began the quest for the Orb.
     0 | D:1      | Reached XP level 1. HP: 10/10 MP: 6/6
     2 | D:1      | Noticed a ghoul
     2 | D:1      | Noticed a merfolk
     4 | D:1      | Noticed a demigod
     4 | D:1      | Noticed a naga
     6 | D:1      | Noticed a felid
     6 | D:1      | Noticed a dwarf
     8 | D:1      | Noticed an octopode
     8 | D:1      | Noticed a tengu
    10 | D:1      | Noticed a gargoyle
    10 | D:1      | Noticed a draconian
    12 | D:1      | Noticed a human
    12 | D:1      | Noticed a spriggan
    14 | D:1      | Noticed a halfling
    14 | D:1      | Noticed an ogre
    16 | D:1      | Noticed a vampire
    16 | D:1      | Noticed a demonspawn
    18 | D:1      | Noticed a centaur
    20 | D:1      | Noticed a vine stalker
    22 | D:1      | Noticed a minotaur
    24 | D:1      | Noticed a troll
    24 | D:1      | Noticed an elf
    26 | D:1      | Noticed a formicid
   201 | D:1      | Reached XP level 2. HP: 15/15 MP: 1/9
   456 | D:1      | Learned a level 2 spell: Searing Ray
  1161 | D:1      | Reached XP level 3. HP: 19/19 MP: 7/11
  1274 | D:2      | Reached skill level 5 in Spellcasting
  1680 | D:2      | Reached skill level 5 in Conjurations
  1681 | D:2      | Reached XP level 4. HP: 24/24 MP: 5/13
  1686 | D:2      | Slain by a gnoll

Skill      XL: |  1  2  3 |
---------------+----------+-----
Spellcasting   | 4 5 |  5.0
Conjurations   | 5 |  5.2
Dodging        | |  2.4
Stealth        | |  2.4

Action                   |  1- 3 |  4- 6 || total
-------------------------+-------+-------++-------
 Cast: Magic Dart        |    80 |     3 ||    83
       Searing Ray       |     3 |     1 ||     4
  Eat: Chunk             |     2 |       ||     2
Dodge: Dodged            |     3 |       ||     3
